 Dungeon Crawl Stone Soup version 0.28-a0-687-gb91baff9cc (webtiles) character file.

Game seed: 13616423307203889069

24 acebull12 the Magician (level 3, -5/26 HPs)
             Began as a Djinni Air Elementalist on Oct 20, 2021.
             Was an Initiate of Ashenzari.
             Slain by an ice beast (21 damage)
             ... on level 3 of the Dungeon.
             The game lasted 00:03:55 (2250 turns).

acebull12 the Magician (Djinni Air Elementalist)    Turns: 2250, Time: 00:03:56

Health: -5/26      AC:  2    Str:  7    XL:     3   Next: 15%
Gold:   61         EV: 12    Int: 17    God:    Ashenzari [......] SH:  0 Dex: 13

rFire   + + .      SeeInvis .   (no weapon)
rCold   x . .      Faith    .   (no shield)
rNeg    . . .      Spirit   .   a - +0 robe
rPois   ∞          Reflect  .   (no helmet)
rElec   .          Harm     .   (no cloak)
rCorr   .          Rampage  .   (no gloves)
Will    .....                   (boots unavailable)
Stlth   ++........              (no amulet)
HPRegen 0.08/turn               (no ring)
MPRegen 0.00/turn               (no ring)

@: flying, very slightly contaminated
A: sickness immunity, fire resistance 2, cold vulnerability 1, float, innate
caster, hp casting, extra vitality 1
a: Renounce Religion


You were on level 3 of the Dungeon.
You worshipped Ashenzari.
Ashenzari was noncommittal.
You visited 1 branch of the dungeon, and saw 3 of its levels.

You collected 61 gold pieces.

Inventory:

Missiles
 e - 53 stones
Armour
 a - a +0 robe (worn)
Scrolls
 f - a scroll of summoning
 g - a scroll of enchant armour
 h - a scroll of silence
Potions
 b - 2 potions of curing
 c - 2 potions of heal wounds


   Skills:
 * Level 0.9 Fighting
 + Level 2.2 Dodging
 - Level 1.6 Stealth
 + Level 3.0 Spellcasting


You couldn't memorise any spells.
You knew the following spells:

 Your Spells              Type           Power      Damage    Failure   Level
a - Shock                 Conj/Air       48%        1d6       4%          1
b - Static Discharge      Conj/Air       12%        N/A       8%          2
c - Swiftness             Air            12%        N/A       16%         3
d - Airstrike             Air            6%         N/A       45%         4
e - Animate Skeleton      Necr           24%        N/A       4%          1
Your spell library was empty.

Dungeon Overview and Level Annotations

Branches:
Dungeon (3/15)

Altars:
Ashenzari
Cheibriados
Kikubaaqudgha
Nemelex Xobeh
Ru
Trog
Uskayaw


Innate Abilities, Weirdness & Mutations

You are immune to sickness and miasma.
You are immune to poison.
Your flesh is very heat resistant. (rF++)
You are vulnerable to cold. (rC-)
You float through the air rather than walking.
You learn spells naturally, not from books.
Your magical power is your life essence.
You have superior vitality. (+4 HP)


Message History

Casting: Shock (safe; 4% risk of failure)
Confirm with . or Enter, or press ? or * to list all spells.
Aiming: Shock (safe; 4% risk of failure)
Press: ? - help, Shift-Dir - straight line, f/p - ice beast
Aim: an ice beast (moderately wounded, 68% to hit)
The zap hits the ice beast.
The ice beast is heavily wounded.
The ice beast barely misses you.
Casting: Shock (safe; 4% risk of failure)
Confirm with . or Enter, or press ? or * to list all spells.
Aiming: Shock (safe; 4% risk of failure)
Press: ? - help, Shift-Dir - straight line, f/p - ice beast
Aim: an ice beast (heavily wounded, 68% to hit)
The zap hits the ice beast but does no damage.
The ice beast is heavily wounded.
The ice beast hits you but does no damage.
Casting: Shock (safe; 4% risk of failure)
Confirm with . or Enter, or press ? or * to list all spells.
Aiming: Shock (safe; 4% risk of failure)
Press: ? - help, Shift-Dir - straight line, f/p - ice beast
Aim: an ice beast (heavily wounded, 68% to hit)
The zap misses the ice beast.
The ice beast closely misses you.
Casting: Shock (safe; 4% risk of failure)
Confirm with . or Enter, or press ? or * to list all spells.
Aiming: Shock (safe; 4% risk of failure)
Press: ? - help, Shift-Dir - straight line, f/p - ice beast
Aim: an ice beast (heavily wounded, 68% to hit)
The zap misses the ice beast.
The ice beast hits you but does no damage.
Casting: Shock (safe; 4% risk of failure)
Confirm with . or Enter, or press ? or * to list all spells.
Aiming: Shock (safe; 4% risk of failure)
Press: ? - help, Shift-Dir - straight line, f/p - ice beast
Aim: an ice beast (heavily wounded, 68% to hit)
You miscast Shock.
You are very lightly contaminated with residual magic.
Nothing appears to happen.
The ice beast hits you. The ice beast freezes you!!
You feel a terrible chill!
Ouch! That really hurt!
You die...

######...#####
#<......._.....#
###......_..._.#.#
.................#
........_..8...[.#
.................#
.......#._..._.#.#.#.#
..[....#..._...#.#.#.#
........Y@.....#.#.#.#
........########.#.#.#
........# #.#.#.#
........# #.#.#.#
........# #.#.#.#
........# #.....#
#######.# ###.### #<#
#.# ### #.#


You could see an ice beast.

Vanquished Creatures
  4 endoplasms (D:2)
  2 giant cockroaches
  4 goblins
  2 hobgoblins (D:1)
  A quokka (D:2)
  2 ball pythons (D:2)
  4 bats
  A kobold (D:1)
  A rat (D:2)
21 creatures vanquished.

Notes
Turn   | Place    | Note
-------+----------+-------------------------------------------
     0 | D:1      | acebull12 the Djinni Air Elementalist began the quest for
                  | the Orb.
     0 | D:1      | Reached XP level 1. HP: 15/15 MP: 0/0
   432 | D:1      | Reached XP level 2. HP: 7/21 MP: 0/0
  1668 | D:2      | Reached XP level 3. HP: 24/26 MP: 0/0
  1668 | D:2      | Learned a level 1 spell: Animate Skeleton
  1715 | D:2      | Reached skill level 3 in Spellcasting
  2224 | D:3      | Found a sparkling altar of Nemelex Xobeh.
  2224 | D:3      | Found a hide-covered altar of Uskayaw.
  2225 | D:3      | Found a snail-covered altar of Cheibriados.
  2226 | D:3      | Found a sacrificial altar of Ru.
  2226 | D:3      | Found a bloodstained altar of Trog.
  2226 | D:3      | Found a broken altar of Ashenzari.
  2232 | D:3      | Became a worshipper of Ashenzari the Shackled
  2238 | D:3      | Noticed an ice beast
  2250 | D:3      | Slain by an ice beast

Illustrated notes

Levels and vault maps discovered:
D:1:      psy_arrival_heroes, layout_basic
D:2:      layout_loops_cross
D:3:      layout_basic, mainiacjoe_overflow_24_doors,
          grunt_temple_overflow_open, shapermc_ecumenical_altar_acropolis

Skill      XL: |  1  2  3 |
---------------+----------+-----
Spellcasting   | 3 |  3.0
Fighting       | |  0.9
Dodging        | |  2.2
Stealth        | |  1.6

Action                   || total
-------------------------++-------
 Cast: Shock             ||    54
Armor: Robe              ||     3
Dodge: Dodged            ||     5

Table legend: (Time is in decaauts)
 A = Elapsed time spent in this place.
 B = Non-inter-level travel time spent in this place.
 C = Inter-level travel time spent in this place.
 D = Time resting spent in this place.
 E = Time spent auto-exploring this place.
 F = Levels seen in this place.
 G = Mean time per level.
                   A        B        C        D        E       F      G
               +--------+--------+--------+--------+--------+-----+--------+
         Total |   2251 |   2072 |    179 |    187 |   1747 |   3 |  750.3 |
       Dungeon |   2251 |   2072 |    179 |    187 |   1747 |   3 |  750.3 |
               +--------+--------+--------+--------+--------+-----+--------+

Top non-repeatable levels by time:
     D:1: 1114 daAuts
     D:2: 1088 daAuts
     D:3: 48 daAuts
